 Dungeon Crawl Stone Soup version 0.22-a0-443-g17c3723 (webtiles) character file.

26584 tilp the Impaler (level 13, -3/98 HPs)
             Began as a Merfolk Ice Elementalist on May 31, 2018.
             Was an Elder of Makhleb.
             Slain by a sun demon (18 damage)
             ... in a volcano.
             The game lasted 01:29:34 (23204 turns).

tilp the Impaler (Merfolk Ice Elementalist)        Turns: 23204, Time: 01:29:35

Health: -3/98      AC: 11    Str:  8    XL:     13   Next: 26%
Magic:  4/19       EV: 17    Int: 20    God:    Makhleb [****..]
Gold:   203        SH:  5    Dex: 14    Spells: 6/20 levels left

rFire    + . .     SeeInvis .   l - +2 halberd (elec)
rCold    x . .     Gourm    .   (shield currently unavailable)
rNeg     . . .     Faith    .   s - +2 robe {MR+}
rPois    .         Spirit   .   O - +1 helmet
rElec    .         Reflect  +   T - +2 cloak
rCorr    .         Harm     .   m - +0 pair of gloves
MR       +....                  r - +0 pair of boots
Stlth    +++.......             B - +5 amulet of reflection
HPRegen  0.26/turn              F - ring of fire
MPRegen  0.16/turn              J - ring of wizardry

@: no status effects
A: change form in water, swift swim, stealthy swim
a: Minor Destruction, Lesser Servant of Makhleb, Major Destruction, Renounce
Religion


You were in a volcano.
You worshipped Makhleb.
Makhleb was greatly pleased with you.
You were hungry.

You visited 3 branches of the dungeon, and saw 17 of its levels.
You also visited: Bailey and Volcano.

You collected 797 gold pieces.
You spent 594 gold pieces at shops.

Inventory:

Hand Weapons
 l - a +2 halberd of electrocution (weapon)
Missiles
 u - 69 tomahawks of returning (quivered)
Armour
 m - a +0 pair of gloves (worn)
 r - a +0 pair of boots (worn)
 s - a +2 robe of magic resistance (worn)
 O - a +1 helmet (worn)
 T - a +2 cloak (worn)
Jewellery
 x - an uncursed ring of see invisible
 B - a +5 amulet of reflection (around neck)
 F - a ring of fire (left hand)
 J - a ring of wizardry (right hand)
Wands
 b - a wand of scattershot (5)
 d - a wand of polymorph (11)
 C - a wand of acid (13)
 L - a wand of clouds (5)
Scrolls
 e - 5 scrolls of remove curse
 n - 3 scrolls of enchant weapon
 o - a scroll of brand weapon
 q - 5 scrolls of teleportation
 y - a scroll of enchant armour {unknown}
 M - 2 scrolls of amnesia
 Q - 4 scrolls of identify
 R - a scroll of fog
 U - a scroll of blinking
 Y - a scroll of holy word
Potions
 a - 5 potions of magic
 f - a potion of haste
 g - 6 potions of flight
 k - 2 potions of might
 p - a potion of berserk rage
 v - 2 potions of heal wounds
 z - a potion of invisibility
 A - 2 potions of cancellation
 G - 2 potions of agility
 P - 2 potions of curing
Miscellaneous
 W - a lightning rod (4/4)
Comestibles
 c - 23 rations
 D - 6 chunks of flesh


   Skills:
 - Level 8.1 Fighting
 - Level 16.1 Polearms
 + Level 7.9 Dodging
 - Level 4.3 Stealth
   Level 4.0 Shields
 - Level 4.1 Spellcasting
 - Level 2.1 Conjurations
 - Level 5.0 Charms
 - Level 12.0 Ice Magic
 - Level 8.0 Invocations
 - Level 4.1 Evocations


You had 6 spell levels left.
You knew the following spells:

 Your Spells              Type           Power        Failure   Level  Hunger
a - Freeze                Ice            ####         1%          1    None
b - Throw Frost           Conj/Ice       ####..       1%          2    #......
c - Ozocubu's Armour      Chrm/Ice       #####...     1%          3    ###....
d - Throw Icicle          Conj/Ice       ####....     2%          4    ####...
e - Summon Ice Beast      Ice/Summ       ####....     4%          4    ####...

Your spell library contained the following spells:

 Spells                   Type           Power        Failure   Level  Hunger
 Bolt of Magma            Conj/Fire/Erth ##........   69%         5    ######.
 Venom Bolt               Conj/Pois      #.........   63%         5    ######.
 Iron Shot                Conj/Erth      #.........   99%         6    #######
 Orb of Destruction       Conj           ##........   100%        7    #######
 Iskenderun's Battlesphe  Conj/Chrm      ###.....     32%         5    ######.
 Spellforged Servitor     Conj/Summ      #.........   100%        7    #######


Dungeon Overview and Level Annotations

Branches:
Dungeon (13/15)            Temple (1/1) D:6            Lair (3/6) D:8
 Shoals (0/4) Lair:2        Snake (0/4) Lair:2          Orc (0/2) D:11
 Vaults: D:13-14

Altars:
Ashenzari
Cheibriados
Dithmenos
Elyvilon
Fedhas
Gozag
Hepliaklqana
Kikubaaqudgha
Makhleb
Nemelex Xobeh
Okawaru
Qazlal
Ru
Sif Muna
Trog
Uskayaw
Vehumet
Wu Jian
Xom
Yredelemnul
Zin
The Shining One

Shops:
D:5 ?   D:7 ?   D:12 =   D:13 [

Annotations:
D:9 Maurice
D:12 1 runed door, Nessos
Lair:1 exclusion: 4 oklob plants, Gastronok


Message History

The sun demon hits you but does no damage.
You closely miss the sun demon.
The sun demon is heavily wounded.
The sun demon hits you!
You are engulfed in flames!
You resist.
* * * LOW HITPOINT WARNING * * *
Unknown command.
Some of the chunks of flesh in your inventory have rotted away.
The sun demon barely misses you. You block the sun demon's attack.
The sun demon closely misses you. The sun demon barely misses you.
There is a rock-blocked tunnel here.
The sun demon hits you.
* * * LOW HITPOINT WARNING * * *
You are engulfed in flames.
You resist.
* * * LOW HITPOINT WARNING * * *
The sun demon hits you but does no damage.
There is a rocky tunnel leading out of this place here.
The sun demon hits you!!
You die...

≈≈≈...##
§≈≈§§..#
§≈§§§..##
≈§§≈§...###
§§.§§....h###
....######..##
####
######§§####
#§≈≈≈§§h##.##
##§≈≈§≈.4..@##
#≈≈≈≈§...3∩≈#
##≈≈≈§§...≈##
###≈§≈≈.≈≈≈#
##§§§≈≈≈≈#
###§§≈≈##
#§§### ####


You could see a sun demon, a red devil and a hell hound.

Vanquished Creatures
  Josephine (D:10)
  A hydra (Lair:2)
  Erica (Lair:2)
  3 two-headed ogres
  An unseen horror (D:9)
  A cyclops (D:12)
  Joseph (D:9)
  2 merfolk sirens (Lair:2)
  A black mamba (Lair:1)
  3 elephants
  4 spiny frogs
  2 centaur skeletons
  A merfolk (Lair:2)
  A troll (D:6)
  3 blink frogs (Lair:1)
  2 hippogriffs
  Prince Ribbit (D:9)
  14 yaks
  A wraith (D:9)
  A human (D:8)
  4 wyverns
  Grum (D:9)
  4 hogs (D:8)
  A vampire mosquito (D:11)
  A hungry ghost (D:7)
  2 nagas (Lair:2)
  A soldier ant (D:11)
  4 water moccasins
  2 porcupines
  2 hell hounds (Lair:3)
  2 black bears
  An eye of draining (D:8)
  Purgy (D:3)
  9 orc warriors
  4 phantoms
  4 sky beasts
  A necrophage (D:7)
  6 ogres
  2 wolves (D:9)
  5 centaurs
  6 crocodiles
  2 big kobolds
  Blork the orc (D:5)
  13 bullfrogs
  4 scorpions
  28 killer bees (D:10)
  14 wights
  A howler monkey (D:11)
  3 centaur zombies
  9 crimson imps
  2 quasits
  10 hounds
  3 jellies
  Crazy Yiuf (D:3)
  A gnoll shaman (D:4)
  10 orc priests
  2 bullfrog skeletons
  Jessica (D:2)
  10 worker ants
  9 iguanas
  12 orc wizards
  A hound zombie (D:5)
  3 worker ant zombies
  Robin (D:2)
  22 gnolls
  11 adders
  2 shadow imps (D:5)
  2 oozes
  An adder skeleton (D:5)
  3 worms
  A dart slug (D:1)
  5 leopard geckos
  47 orcs
  5 giant cockroaches
  21 goblins
  17 hobgoblins
  13 jackals
  27 kobolds
  5 quokkas
  A ball python (D:1)
  7 bats
  9 frilled lizards
  A quokka skeleton (D:6)
  9 rats
458 creatures vanquished.

Vanquished Creatures (collateral kills)
  An elephant (Lair:1)
  A merfolk siren (Lair:2)
  A queen bee (D:10)
  A troll (D:10)
  A blink frog (Lair:1)
  4 wraiths
  6 yaks
  A basilisk (Lair:2)
  2 nagas (Lair:2)
  2 water moccasins
  A bullfrog (Lair:2)
  A scorpion (D:10)
  A killer bee (D:10)
  A fungus (Lair:2)
24 creatures vanquished.

Vanquished Creatures (others)
  2 fungi (Lair:2)
  7 plants
9 creatures vanquished.

Grand Total: 491 creatures vanquished

Notes
Turn   | Place    | Note
-------+----------+-------------------------------------------
     0 | D:1      | tilp the Merfolk Ice Elementalist began the quest for the Orb.
     0 | D:1      | Reached XP level 1. HP: 13/13 MP: 3/3
   308 | D:1      | Reached XP level 2. HP: 19/19 MP: 3/5
   915 | D:1      | Learned a level 2 spell: Throw Frost
   991 | D:1      | Reached XP level 3. HP: 18/24 MP: 4/6
  1007 | D:1      | Learned a level 3 spell: Ozocubu's Armour
  1757 | D:2      | Reached skill level 5 in Ice Magic
  1790 | D:2      | Found a hide-covered altar of Uskayaw.
  1854 | D:2      | Noticed Robin
  1886 | D:2      | Reached XP level 4. HP: 27/30 MP: 3/7
  1900 | D:2      | Killed Robin
  2350 | D:2      | Noticed Jessica
  2396 | D:2      | Killed Jessica
  2396 | D:2      | Reached XP level 5. HP: 35/35 MP: 2/8
  3085 | D:3      | Found an iron altar of Okawaru.
  3128 | D:3      | Found a hazy altar of Hepliaklqana.
  3129 | D:3      | Found a shimmering altar of Xom.
  3130 | D:3      | Noticed a spectral ugly thing
  3174 | D:3      | Found a hazy altar of Hepliaklqana.
  3403 | D:3      | Noticed Purgy
  3928 | D:3      | Found a runed door.
  4351 | D:4      | Reached skill level 1 in Fighting
  4351 | D:4      | Reached XP level 6. HP: 43/43 MP: 0/9
  4681 | D:4      | Found a shattered altar of Ashenzari.
  4958 | D:5      | Entered Level 5 of the Dungeon
  4958 | D:5      | Noticed a sky beast
  5344 | D:5      | Reached XP level 7. HP: 54/54 MP: 6/10
  5444 | D:5      | Noticed Blork the orc
  5688 | D:5      | Reached skill level 5 in Dodging
  5930 | D:5      | Reached XP level 8. HP: 44/60 MP: 6/11
  6113 | D:5      | Found Ucoro's Magic Scroll Shop.
  6121 | D:5      | Bought a scroll of identify for 22 gold pieces
  6121 | D:5      | Bought a scroll of remove curse for 33 gold pieces
  6121 | D:5      | Bought a scroll of identify for 22 gold pieces
  6482 | D:5      | Learned a level 4 spell: Throw Icicle
  6751 | D:6      | Reached skill level 10 in Ice Magic
  6899 | D:6      | Reached skill level 1 in Charms
  7130 | D:6      | Found a staircase to the Ecumenical Temple.
  7136 | D:6      | Got a distressingly furry ring mail
  7146 | Temple   | Entered the Ecumenical Temple
  7214 | Temple   | Became a worshipper of Makhleb the Destroyer
  7407 | D:6      | Noticed a troll
  7769 | D:6      | Killed a troll
  7769 | D:6      | Reached skill level 5 in Charms
  7769 | D:6      | Reached XP level 9. HP: 65/65 MP: 9/12
  7931 | D:6      | Found a deep blue altar of Sif Muna.
  7967 | D:7      | Reached skill level 1 in Conjurations
  7969 | D:7      | Found a snail-covered altar of Cheibriados.
  8007 | D:7      | Got a blackened hunting sling
  8530 | D:7      | Reached skill level 1 in Invocations
  8630 | D:7      | Reached * piety under Makhleb
  8900 | D:7      | Found a glowing golden altar of the Shining One.
  9134 | D:7      | Found Nuelutip's Magic Scroll Shoppe.
  9142 | D:7      | Bought a scroll of teleportation for 42 gold pieces
  9142 | D:7      | Bought a scroll of identify for 28 gold pieces
  9142 | D:7      | Bought a scroll of identify for 28 gold pieces
  9348 | D:7      | Reached skill level 5 in Invocations
  9547 | D:7      | Paralysed by fainting for 12 turns
 10038 | D:8      | Found a hide-covered altar of Uskayaw.
 10407 | D:7      | Reached XP level 10. HP: 46/70 MP: 15/15
 10824 | D:8      | Reached skill level 1 in Evocations
 10844 | D:8      | Found a shadowy altar of Dithmenos.
 10975 | D:8      | Found a staircase to the Lair.
 11069 | D:8      | Reached ** piety under Makhleb
 11385 | D:8      | Noticed a two-headed ogre
 11570 | D:9      | Noticed Grum
 11570 | D:9      | Noticed Joseph
 11652 | D:9      | Noticed an unseen horror
 11666 | D:9      | Killed an unseen horror
 11822 | D:9      | Noticed Prince Ribbit
 11822 | D:9      | Noticed a two-headed ogre
 11846 | D:9      | Killed Prince Ribbit
 11852 | D:9      | Killed a two-headed ogre
 11940 | D:9      | Found a flagged portal.
 11946 | Bailey   | Entered a bailey
 12311 | Bailey   | Reached *** piety under Makhleb
 12714 | Bailey   | Reached XP level 11. HP: 74/76 MP: 17/17
 13096 | Bailey   | Identified the +1 ring mail of the Shore {rN+ Int+6} (You found it on level 6 of the Dungeon)
 13115 | Bailey   | Identified the +6 hunting sling "Uckesuba" {velocity, rElec Str+3 Int+2 Dex-3} (You found it on level 7 of the Dungeon)
 13139 | Bailey   | Identified a scroll of acquirement
 13225 | D:9      | Found a white marble altar of Elyvilon.
 13477 | D:9      | Noticed Maurice
 13540 | D:9      | Killed Grum
 13551 | D:9      | Reached skill level 1 in Shields
 13932 | D:9      | Killed Joseph
 14365 | D:9      | Reached **** piety under Makhleb
 14380 | D:9      | Reached skill level 1 in Polearms
 14527 | D:9      | Reached skill level 2 in Polearms
 14907 | D:10     | Entered Level 10 of the Dungeon
 14907 | D:10     | Noticed a two-headed ogre
 14962 | D:10     | Reached skill level 3 in Polearms
 15041 | D:10     | Reached skill level 4 in Polearms
 15096 | D:10     | Reached skill level 5 in Polearms
 15122 | D:10     | Noticed Josephine
 15300 | D:10     | Reached skill level 6 in Polearms
 15410 | D:10     | Reached skill level 7 in Polearms
 15586 | D:10     | Reached skill level 8 in Polearms
 16106 | D:10     | Killed Josephine
 16106 | D:10     | Reached skill level 9 in Polearms
 16168 | D:9      | Reached skill level 10 in Polearms
 16818 | D:10     | Got a distressingly furry scale mail
 17075 | D:10     | Reached skill level 11 in Polearms
 17132 | D:11     | Reached XP level 12. HP: 66/83 MP: 18/18
 17419 | D:11     | Reached ***** piety under Makhleb
 17419 | D:11     | Reached skill level 12 in Polearms
 17744 | D:10     | Killed a two-headed ogre
 18057 | D:11     | Reached skill level 13 in Polearms
 18150 | D:11     | Found a staircase to the Orcish Mines.
 18323 | D:11     | Found an iron altar of Okawaru.
 18492 | D:11     | You fall through a shaft for 2 floors!
 18492 | D:13     | Found Erap's Antique Armour Shop.
 18498 | D:13     | Bought a transparent robe for 159 gold pieces
 18562 | D:12     | Noticed Nessos
 18617 | D:12     | Found Cifogeuq's Jewellery Shoppe.
 18737 | D:12     | Bought an uncursed ring of poison resistance for 260 gold pieces
 18745 | D:12     | Found a runed door.
 18885 | D:11     | Identified the cursed +1 robe of Coronation {Dex+4} (You bought it in a shop on level 13 of the Dungeon)
 19122 | D:3      | Noticed Crazy Yiuf
 19124 | D:3      | Killed Crazy Yiuf
 19354 | D:3      | Killed Purgy
 19391 | D:5      | Killed Blork the orc
 19507 | D:8      | Killed a two-headed ogre
 19507 | D:8      | Reached skill level 14 in Polearms
 19521 | Lair:1   | Entered Level 1 of the Lair of Beasts
 19628 | Lair:1   | Noticed Gastronok
 20275 | Lair:1   | Reached skill level 15 in Polearms
 21096 | Lair:1   | Reached skill level 16 in Polearms
 21259 | Lair:2   | Reached skill level 5 in Fighting
 21393 | Lair:2   | Noticed Erica
 21653 | Lair:2   | Noticed a four-headed hydra
 21663 | Lair:2   | Killed a four-headed hydra
 21663 | Lair:2   | Reached XP level 13. HP: 94/94 MP: 4/19
 21929 | Lair:2   | Found a staircase to the Snake Pit.
 22099 | Lair:2   | Learned a level 4 spell: Summon Ice Beast
 22329 | Lair:2   | Found a staircase to the Shoals.
 22666 | Lair:2   | Killed Erica
 22996 | Lair:3   | Found a dark tunnel.
 23152 | Volcano  | Entered a volcano
 23204 | Volcano  | Slain by a sun demon

Vault maps used:
D:1:      minmay_arrival_semitransparent
D:2:      marbit_many_paths, uniq_robin, uniq_jessica
D:3:      regret_index_temple_of_mockery, lemuel_crystal_altar, first_ration,
          hangedman_decor_riveting, minmay_misc_feat_four_crosses,
          lemuel_tele_altar, uniq_crazy_yiuf_cottage, uniq_purgy
D:4:      cheibrodos_ashenzari_chains, grunt_ministairs_2, cheibrodos_gnoll_hut
D:5:      serial_shops, nicolae_shop_stone, uniq_blork_the_orc
D:6:      kennysheep_mini, minmay_temple_entry_overgrown, serial_glass,
          glass_columns_b, glass_columns_a, minmay_bent
D:7:      tso_metal_star, slow_altar_1, serial_shops, nicolae_shop_waterfront
D:8:      kennysheep_little_box, lair_entry_dummy, basic_altar, grunt_livestock,
          st_stairs_11
D:9:      lemuel_coloured_pillars_altar, enter_bailey_3, uniq_joseph,
          uniq_maurice, uniq_grum, uniq_prince_ribbit1
D:10:     special_room, uniq_josephine
D:11:     erik_orc_4, serial_glass, glass_columns_a, glass_columns_c,
          glass_columns_a, glass_columns_b, glass_columns_a, glass_columns_c,
          okawaru_ov_weapons_minmay
D:12:     serial_shops, shop, basic_altar, minmay_statue_crystal_thing,
          uniq_kirke, uniq_nessos
D:13:     grunt_vaults_entry_tiered, serial_shops, shop,
          nicolae_transmutations_shop, uniq_rupert
Temple:   minmay_temple_bridge_abc
Lair:1:   infiniplex_staircase_pool, minmay_lair_oklob_chamber, uniq_gastronok
Lair:2:   elwin_shoals_entry_stream, minmay_snake_entry_guardpost_small,
          grunt_megastairs_5, uniq_erica
Lair:3:   enter_volcano_3, beast_lair_carwin_1
Bailey:   bailey_axe_2, bailey
Volcano:  volcano_pools

Skill      XL: |  1  2  3  4  5  6  7  8  9 10 11 12 13 |
---------------+----------------------------------------+-----
Ice Magic      | 4 5 6 7 8 10 11 12 | 12.0
Fighting       | 1 4 6 8 |  8.1
Dodging        | 3 6 7 |  7.9
Charms         | 5 |  5.0
Conjurations   | 2 |  2.1
Invocations    | 7 8 |  8.0
Evocations     | 4 |  4.1
Stealth        | 4 |  4.3
Spellcasting   | 4 |  4.1
Shields        | 4 |  4.0
Polearms       | 11 16 | 16.1

Action                   |  1- 3 |  4- 6 |  7- 9 | 10-12 | 13-15 || total
-------------------------+-------+-------+-------+-------+-------++-------
Melee: Short sword       |    36 |    60 |       |       |       ||    96
       Long sword        |       |    76 |   315 |   752 |       ||  1143
       Halberd           |       |       |       |   128 |   120 ||   248
Throw: Stone             |       |     1 |       |       |       ||     1
       Tomahawk          |       |       |     6 |    18 |       ||    24
 Cast: Freeze            |    38 |    27 |    49 |   181 |    14 ||   309
       Throw Frost       |     9 |    21 |    51 |    96 |     3 ||   180
       Ozocubu's Armour  |     1 |    20 |    33 |    95 |    19 ||   168
       Throw Icicle      |       |       |     5 |    55 |    16 ||    76
Invok: Minor Destruction |       |       |       |     8 |       ||     8
       Lesser Servant of |       |       |       |    15 |     4 ||    19
Evoke: Wand              |       |       |     1 |     4 |       ||     5
  Use: Scroll            |       |     9 |    10 |    14 |     1 ||    34
       Potion            |       |     2 |     2 |     3 |     1 ||     8
 Stab: Sleeping          |     3 |     3 |     1 |     5 |     1 ||    13
       Distracted        |       |       |       |     3 |     3 ||     6
  Eat: Chunk             |     4 |    16 |    18 |    35 |     5 ||    78
       Ration            |       |       |     3 |     7 |     1 ||    11
Armor: Robe              |    16 |    64 |   122 |   395 |    33 ||   630
       Skin              |       |     1 |       |       |       ||     1
Dodge: Dodged            |    40 |   115 |   307 |   811 |    96 ||  1369
Block: Other             |       |    14 |    94 |   134 |    27 ||   269
       Reflection        |       |       |     6 |    25 |       ||    31
       Buckler           |       |       |       |   446 |       ||   446
       Rpst.: Long sword |       |    19 |    87 |   206 |       ||   312

Table legend:
 A = Spawn XP
 B = Non-spawn XP
 C = Spawn XP percentage of total XP
 D = Spawn monster count
 E = Non-spawn monster count
 F = Spawn count percentage of total count
 G = Total turns spent on level
                    A         B        C        D         E        F      G
               +---------+---------+-------+---------+---------+-------+---------
         Total |       0 |   37978 |   0.0 |       0 |     481 |   0.0 | 23204
               +---------+---------+-------+---------+---------+-------+---------
           D:1 |       0 |      43 |   0.0 |       0 |      25 |   0.0 |  1604
           D:2 |       0 |     148 |   0.0 |       0 |      32 |   0.0 |  1549
           D:3 |       0 |     243 |   0.0 |       0 |      21 |   0.0 |  1167
           D:4 |       0 |     344 |   0.0 |       0 |      18 |   0.0 |  1435
           D:5 |       0 |    1026 |   0.0 |       0 |      36 |   0.0 |  1181
           D:6 |       0 |    1036 |   0.0 |       0 |      21 |   0.0 |  1816
           D:7 |       0 |    2097 |   0.0 |       0 |      46 |   0.0 |  2242
           D:8 |       0 |    2610 |   0.0 |       0 |      21 |   0.0 |   970
           D:9 |       0 |    5810 |   0.0 |       0 |      51 |   0.0 |  2628
          D:10 |       0 |    6617 |   0.0 |       0 |      62 |   0.0 |  1953
          D:11 |       0 |    3383 |   0.0 |       0 |      50 |   0.0 |  1450
          D:12 |       0 |     639 |   0.0 |       0 |       3 |   0.0 |    97
        Lair:1 |       0 |    4573 |   0.0 |       0 |      21 |   0.0 |  1626
        Lair:2 |       0 |    7593 |   0.0 |       0 |      30 |   0.0 |  1699
        Lair:3 |       0 |    1464 |   0.0 |       0 |      10 |   0.0 |   306
        Bailey |       0 |     352 |   0.0 |       0 |      34 |   0.0 |  1222
               +---------+---------+-------+---------+---------+-------+---------
